 Dungeon Crawl Stone Soup version 0.31.0-12-g77e489cdc1 (webtiles) character file.

Game seed: 15400540060040865515

93 Dvallin the Changeling (level 4, 0/38 HPs)
             Began as a Naga Shapeshifter on Feb 22, 2024.
             Slain by a gnoll
             ... wielding a +0 club
              (2 damage)
             ... on level 3 of the Dungeon.
             The game lasted 00:03:02 (1730 turns).

Dvallin the Changeling (Naga Shapeshifter)          Turns: 1730, Time: 00:03:02

Health: 0/38       AC:  2    Str: 16    XL:     4   Next: 61%
Magic:  4/4        EV: 10    Int: 10    God:
Gold:   138        SH:  0    Dex: 13    Spells: 3/3 levels left

rFire   . .          .
                       - Unarmed
rCold   . . .        (no shield)
rNeg    . . .        a - +0 animal skin
rPois   +            (helmet currently unavailable)
rElec   .            (cloak currently unavailable)
rCorr   .            (gloves currently unavailable)
SInv    +            (no barding)
Will    +....        (no amulet)
Stlth   +            f - ring of willpower
HPRegen 0.26/turn    (no ring)
MPRegen 0.09/turn

%: no passive effects
@: beast-form, very slow
A: beast (slay +2), AC +1, large, see invisible, deformed body, poison
resistance, slowness 2, spit poison 1, naga tail 1
a: Spit Poison, Begin Untransformation


You were on level 3 of the Dungeon.
You were a hulking beast.
You visited 1 branch of the dungeon, and saw 3 of its levels.

You collected 138 gold pieces.

Inventory:

Armour
 a - a +0 animal skin (worn)
Jewellery
 f - a ring of willpower (left hand)
Talismans
 c - a beast talisman
 d - a flux talisman
 i - a maw talisman
Wands
 j - a wand of polymorph (9)
Scrolls
 e - 2 scrolls of identify {unknown}
 g - 2 scrolls of teleportation {unknown}
 l - a scroll of blinking {unknown}
 n - a scroll of fear {unknown}
Potions
 b - a potion of lignification
 h - a potion of enlightenment {unknown}
 k - a potion of might {unknown}
 m - a potion of ambrosia {unknown}


   Skills:
 - Level 1.0 Fighting
 - Level 1.5 Dodging
 * Level 3.9 Unarmed Combat
 + Level 4.3 Shapeshifting


You had 3 spell levels left.
You didn't know any spells.
Your spell library was empty.

Dungeon Overview and Level Annotations

Branches:
Dungeon (3/15)

Altars:

Shops:
D:1 *


Innate Abilities, Weirdness & Mutations

You are a hulking beast.
Your limbs bulge with bestial killing power. (Slay +2)
Your serpentine skin is tough. (AC +1)
You have supernaturally acute eyesight. (SInv)
Armour fits poorly on your strangely shaped body.
Your system is resistant to poisons. (rPois)
You cover ground very slowly.
You can spit poison.
You have a snake-like lower body.


Message History

You are too injured to fight recklessly!
You are too injured to fight recklessly!
Unknown command.
The gnoll hits you with a +0 whip.
Aiming: Spit Poison (1% risk of failure)
Press: ? - help, Shift-Dir - straight line, f - gnoll
Aim: a gnoll, wielding a +0 club (65% to hit)
The splash of poison hits the gnoll.
The gnoll is poisoned.
The gnoll is lightly wounded.
The gnoll misses you.
You barely miss the gnoll.
The gnoll is lightly wounded.
The gnoll closely misses you.
You hit the gnoll.
The gnoll is severely wounded.
The gnoll closely misses you.
You hit the gnoll but do no damage.
The gnoll is severely wounded.
You hit the gnoll.
The gnoll is almost dead.
The gnoll hits you with a +0 whip.
You hit the gnoll.
You kill the gnoll!
You have got your breath back.
You punch the gnoll!
The gnoll is heavily wounded.
The gnoll hits you with a +0 club.
* * * LOW HITPOINT WARNING * * *
You barely miss the gnoll.
The gnoll is heavily wounded.
The gnoll hits you with a +0 club.
* * * LOW HITPOINT WARNING * * *
You barely miss the gnoll.
The gnoll is heavily wounded.
The gnoll hits you with a +0 club.
* * * LOW HITPOINT WARNING * * *
You closely miss the gnoll.
The gnoll is heavily wounded.
The gnoll hits you with a +0 club.
You die...

.# ### # .#
# #. .# # #.
## .# #
#..#.##.###
##########
#.........#
##.........
#..)g##.#
#...#######
#g##.# #...#
#h##.###...#
#..>......##
####.######
#.......#
#########


You could see 2 gnolls.

Vanquished Creatures
  An orc wizard (D:1)
  2 gnolls (D:3)
  An adder (D:3)
  A dart slug (D:1)
  3 orcs
  A bat (D:1)
  3 endoplasms
  A giant cockroach (D:1)
  2 goblins
  2 hobgoblins (D:1)
  5 kobolds
  A quokka (D:1)
  6 ball pythons
  2 frilled lizards (D:2)
  5 rats
36 creatures vanquished.

Vanquished Creatures (others)
  An orc wizard (D:2)
1 creature vanquished.

Grand Total: 37 creatures vanquished

Notes
Turn   | Place    | Note
-------+----------+-------------------------------------------
     0 | D:1      | Dvallin the Naga Shapeshifter began the quest for the Orb.
     0 | D:1      | Reached XP level 1. HP: 18/18 MP: 1/1
   190 | D:1      | Found Noczeoka's General Store.
   281 | D:1      | Reached XP level 2. HP: 15/25 MP: 2/2
   730 | D:2      | Reached XP level 3. HP: 28/31 MP: 3/3
   854 | D:1      | Reached skill level 4 in Shapeshifting
  1175 | D:2      | Reached XP level 4. HP: 34/38 MP: 4/4
  1658 | D:3      | Found a faded altar of an unknown god.
  1729 | D:3      | HP: 1/38 [gnoll/+0 club (3)]
  1730 | D:3      | Slain by a gnoll

Illustrated notes

Levels and vault maps discovered:
D:1:      elethiomel_arrival_maze, layout_basic, serial_shops, shop_statue
D:2:      layout_basic
D:3:      layout_loops_cross, yredelemnul_forgotten_temple_becter,
          shapermc_ecumenical_altar_mp_vishouse, nicolae_elevator_lobby_asterisk

Skill      XL: |  1  2  3 |
---------------+----------+-----
Shapeshifting  | 4 |  4.3
Fighting       | |  1.0
Dodging        | |  1.5
Unarmed Combat | |  3.9

Action                     |  1- 3 |  4- 6 || total
---------------------------+-------+-------++-------
  Melee: Unarmed           |    61 |    32 ||    93
         Punch             |     3 |     1 ||     4
Ability: Spit Poison       |    14 |     1 ||    15
   Stab: Sleeping          |       |     1 ||     1
 Armour: Animal skin       |    31 |    20 ||    51
  Dodge: Dodged            |    30 |     7 ||    37
